 Dungeon Crawl Stone Soup version 0.29-a0-321-gf1c400731a (webtiles) character file.

Game seed: 9601412315067349815

52 Murumi the Sneak (level 3, -1/23 HPs)
             Began as a Vampire Monk on Apr 5, 2022.
             Slain by a gnoll
             ... wielding a +0 flail
              (7 damage)
             ... on level 3 of the Dungeon.
             The game lasted 00:05:36 (2207 turns).

Murumi the Sneak (Vampire Monk)                     Turns: 2207, Time: 00:05:36

Health: -1/23      AC:  4    Str: 10    XL:     3   Next: 60%
Magic:  3/3        EV: 14    Int: 12    God:
Gold:   0          SH:  0    Dex: 18    Spells: 2/2 levels left

rFire   . . .      SeeInvis +   a - +1 falchion
rCold   + + .      Faith    .   (no shield)
rNeg    + + +      Spirit   .   b - +1 robe
rPois   ∞          Reflect  .   (no helmet)
rElec   .          Harm     .   (no cloak)
rCorr   .          Rampage  .   (no gloves)
Will    .....                   f - +0 pair of boots
Stlth   +++++.....              (no amulet)
HPRegen 0.00/turn               e - ring of wizardry
MPRegen 0.08/turn               (no ring)

@: about to teleport, bloodless, inhibited regen
A: bloodless, fangs 3, see invisible, vampiric 2
a: Bat Form, Revivify


You were on level 3 of the Dungeon.
You visited 1 branch of the dungeon, and saw 3 of its levels.

You collected 127 gold pieces.
You spent 127 gold pieces at shops.

Inventory:

Hand Weapons
 a - a +1 falchion (weapon)
Armour
 b - a +1 robe (worn)
 f - a +0 pair of boots (worn)
Jewellery
 e - a ring of wizardry (left hand)
 l - a ring of ice
Scrolls
 h - a scroll of enchant armour
Potions
 c - a potion of ambrosia
 d - a potion of invisibility
 g - a potion of resistance
 j - a potion of heal wounds
 k - a potion of haste
 m - a potion of mutation {unknown}
 n - a potion of curing {unknown}


   Skills:
 - Level 3.0 Fighting
 - Level 3.0 Long Blades
 - Level 1.0 Armour
 - Level 4.0 Dodging
 + Level 4.4 Stealth


You had 2 spell levels left.
You didn't know any spells.
Your spell library was empty.

Dungeon Overview and Level Annotations

Branches:
Dungeon (3/15)

Altars:
Sif Muna

Shops:
D:2 ?   D:3 *


Innate Abilities, Weirdness & Mutations

You do not regenerate when monsters are visible.
You are frail without blood (-20% HP).
You can heal yourself when you bite living creatures.
You are immune to poison.
You have razor-sharp teeth.
You have supernaturally acute eyesight. (SInv)
You are afflicted with vampirism and can become a bat while bloodless.


Message History

l - a scroll labelled TOASUCWATISS;
m - a bubbling yellow potion
n - a sedimented brown potion Thank you for shopping at Wuiw's Assorted Antiques!
You can access your shopping list by pressing '$'.
As you read the scroll labelled TOASUCWATISS, it crumbles to dust.
The air around you briefly surges with heat, but it dissipates.
It was a scroll of immolation.
l - a ring of ice
o - a scroll labelled XYREDOWKAL
As you read the scroll labelled XYREDOWKAL, it crumbles to dust.
You feel aware of your surroundings.
You sensed 2 altars.
It was a scroll of magic mapping.
A ball python comes into view.
Found a scroll of identify.
Found a shimmering blue altar of Sif Muna.
A gnoll comes into view. It is wielding a +0 flail.
An endoplasm comes into view. 2 gnolls come into view.
The endoplasm quivers.
A dart slug comes into view.
A ball python and a rat come into view.
The helpless gnoll fails to defend itself.
You bite the gnoll, and draw its blood! You slash the gnoll!
The gnoll is almost dead.
The gnoll closely misses you.
You hit the gnoll but do no damage.
The gnoll is almost dead.
The gnoll hits you with a +0 spear. The gnoll hits you with a +0 spear!
You barely miss the gnoll.
The gnoll is almost dead.
The gnoll shouts!
The ball python hisses angrily. x2; The gnoll shouts!
The dart slug launches a dart at you. The slug dart hits you.
The gnoll barely misses you.
The gnoll hits you from afar with a +0 spear.
* * * LOW HITPOINT WARNING * * *
The endoplasm barely misses you.
Unknown command.
As you read the scroll of teleportation, it crumbles to dust.
You feel strangely unstable. The gnoll hits you with a +0 flail!
You die...

#...#.....# #.<.##.# #..#
#.###.....#*#...##.# #.##
..,.......##...###.###.#
#,###..........# #.....#
,,*,#..###...### #..####
***,#.###..>## #..#
,,,,.?.....## #..#***#**
,,*,,,,.##########..#....,**
,,,,,,,,.......g@.........,**
*,*,,,**,#####..#J...≈≈.§≈,,*
*,*,,,**,*,,,#.g.#....≈.≈.,,*
*,,,*,*,,,,,S.g.....≈.....≈,*
*,,,,,,,,,..........§≈...≈≈,*
,,,**,**.........?....._..,,*
*,***,**.rw.........≈§...§≈,*
*,***,**#.........§§≈....,≈,*
,,,,,,,,..........§.§.≈,≈,,,*


You could see 3 gnolls, a dart slug, an endoplasm, a ball python and a rat
(wandering).

Vanquished Creatures
  2 worms (D:3)
  3 ball pythons
  6 endoplasms
  2 giant cockroaches (D:1)
  5 hobgoblins
  5 jackals
  2 quokkas
  4 bats
  2 frilled lizards
  A goblin (D:1)
  5 kobolds
  5 rats
42 creatures vanquished.

Notes
Turn   | Place    | Note
-------+----------+-------------------------------------------
     0 | D:1      | Murumi the Vampire Monk began the quest for the Orb.
     0 | D:1      | Reached XP level 1. HP: 17/17 MP: 1/1
   126 | D:1      | Reached XP level 2. HP: 17/19 MP: 2/2
   881 | D:1      | Reached skill level 1 in Armour
   984 | D:2      | Gained mutation: You are afflicted with vampirism and can
                  | become a bat while bloodless. [Vampire growth]
   984 | D:2      | Reached XP level 3. HP: 23/23 MP: 3/3
  1104 | D:2      | Found a faded altar of an unknown god.
  1321 | D:2      | Found Toinu's Magic Scroll Shoppe.
  1327 | D:2      | Bought a scroll of teleportation for 30 gold pieces
  1467 | D:2      | Bought a scroll of identify for 20 gold pieces
  1704 | D:2      | Bought a scroll of identify for 20 gold pieces
  1841 | D:3      | Found Wuiw's Assorted Antiques.
  2159 | D:3      | Bought a scroll labelled TOASUCWATISS for 21 gold pieces
  2159 | D:3      | Bought a bubbling yellow potion for 18 gold pieces
  2159 | D:3      | Bought a sedimented brown potion for 18 gold pieces
  2198 | D:3      | Found a shimmering blue altar of Sif Muna.
  2207 | D:3      | Slain by a gnoll

Illustrated notes

Levels and vault maps discovered:
D:1:      dpeg_arrival_leaves_temple_mockup, layout_loops_ring
D:2:      layout_loops_cross, basic_ecumenical_altar, serial_shops,
          nicolae_shop_temple_entry_statues_fountains
D:3:      layout_rooms, overflow_temple_1_default,
          mainiacjoe_overflow_small_starburst, serial_shops,
          nicolae_shop_overgrown_old_shop, minmay_misc_feat_roman, uniq_robin

Skill      XL: |  1  2  3 |
---------------+----------+-----
Fighting       | 3 |  3.0
Dodging        | 4 |  4.0
Armour         | 1 |  1.0
Stealth        | 4 |  4.4
Long Blades    | |  3.0

Action                   || total
-------------------------++-------
Melee: Falchion          ||    96
       Bite              ||    10
 Abil: Exsanguinate      ||     1
  Use: Scroll            ||    13
 Stab: Sleeping          ||    24
Armor: Robe              ||    18
Dodge: Dodged            ||    54

Table legend: (Time is in decaauts)
 A = Elapsed time spent in this place.
 B = Non-inter-level travel time spent in this place.
 C = Inter-level travel time spent in this place.
 D = Time resting spent in this place.
 E = Time spent auto-exploring this place.
 F = Levels seen in this place.
 G = Mean time per level.
                   A        B        C        D        E       F      G
               +--------+--------+--------+--------+--------+-----+--------+
         Total |   2225 |   1923 |    302 |     35 |   1533 |   3 |  741.7 |
       Dungeon |   2225 |   1923 |    302 |     35 |   1533 |   3 |  741.7 |
               +--------+--------+--------+--------+--------+-----+--------+

Top non-repeatable levels by time:
     D:1: 984 daAuts
     D:2: 924 daAuts
     D:3: 316 daAuts
